 Dungeon Crawl Stone Soup version 0.16.1-2-g95b8d4c (webtiles) character file.

60590 Helmschank the Black Belt (level 15, -21/115 HPs)
             Began as a Merfolk Transmuter on Mar 25, 2015.
             Was the Champion of Fedhas.
             Demolished by a titanic slime creature (99 damage)
             ... on level 11 of the Dungeon.
             The game lasted 03:31:56 (32313 turns).

Helmschank the Black Belt (Merfolk Transmuter)     Turns: 32313, Time: 03:31:56

Health: -21/115    AC: 11    Str: 12    XL:     15   Next: 0%
Magic:  25/30      EV: 24    Int: 18    God:    Fedhas [******]
Gold:   1389       SH:  0    Dex: 18    Spells: 10 memorised, 3 levels left

rFire  + + .     SeeInvis .       - Unarmed
rCold  . . .     Clarity  .     z - +2 leather armour {rF+}
rNeg   . . .     SustAb   .     (shield currently unavailable)
rPois  .         Gourm    .     (no helmet)
rElec  .         Spirit   .     I - +1 cloak
rCorr  .         Warding  .     y - melded +0 pair of gloves
rMut   .         Stasis   .     W - +2 pair of boots {Fly}
MR     +....                    (no amulet)
Stlth  +.........               P - ring of protection from fire
                                F - +4 ring of dexterity

@: blade hands, repel missiles, somewhat resistant to hostile enchantments, very
unstealthy
A: change form in water, swift swim, repulsion field 1
a: End Transformation, Evolution, Sunlight, Growth, Reproduction, Rain, Renounce
Religion, Evoke Flight


You were on level 11 of the Dungeon.
You worshipped Fedhas.
Fedhas was exalted by your worship.
You were not hungry.
You had blades for hands.
You visited 3 branches of the dungeon, and saw 21 of its levels.
You also visited: Volcano.

You collected 1389 gold pieces.

Inventory:

Missiles
 v - 14 javelins (quivered)
 w - 87 arrows of flame
Armour
 i - a +1 robe of cold resistance
 y - a +0 pair of gloves (melded)
 z - a +2 leather armour of fire resistance (worn)
 I - a +1 cloak (worn)
 W - a +2 pair of boots of flying (worn)
Jewellery
 m - an uncursed ring of stealth
 F - a +4 ring of dexterity (left scythe-like blade)
 L - an uncursed ring of fire
 P - a ring of protection from fire (right scythe-like blade)
 V - an uncursed ring of flight
Magical devices
 b - a wand of slowing (27)
 n - a wand of fire (2)
 H - a wand of cold (6)
 T - a wand of teleportation (3)
 U - a wand of fireball (4)
Scrolls
 g - 8 scrolls of remove curse
 l - a scroll of magic mapping
 r - 2 scrolls of immolation
 s - 2 scrolls of fog
 t - 3 scrolls of recharging
 A - a scroll of enchant armour
 C - a scroll of blinking
 R - 3 scrolls of teleportation
 S - 4 scrolls of identify
Potions
 e - 3 potions of might
 f - 3 potions of magic
 k - a potion of heal wounds
 p - a potion of flight
 x - 5 potions of curing
 B - 2 potions of berserk rage
 E - 3 potions of resistance
 G - a potion of cancellation
 K - 3 potions of haste
 Q - 2 potions of invisibility
Comestibles
 a - 11 bread rations
 c - a meat ration
 O - 25 royal jellies
 Z - 14 fruits {!e !D Oklob Food}


   Skills:
 - Level 10.2 Fighting
 - Level 5.8 Armour
 - Level 13.6 Dodging
 - Level 15.7 Unarmed Combat
 + Level 7.4 Spellcasting
 + Level 0.7 Charms
 - Level 3.1 Translocations
 - Level 11.7 Transmutations
 - Level 2.3 Ice Magic
 - Level 2.7 Poison Magic
 - Level 7.0 Invocations


You had 3 spell levels left.
You knew the following spells:

 Your Spells              Type           Power        Failure   Level  Hunger
a - Spider Form           Trmt/Pois      ####......   21%         3    #......
b - Blink                 Tloc           N/A          36%         2    None
d - Blade Hands           Trmt           #####.....   24%         5    #####..
h - Cure Poison           Pois           ###.......   41%         2    None
r - Repel Missiles        Chrm/Air       #.....       63%         2    None
s - Ice Form              Ice/Trmt       ####....     45%         4    ###....
w - Sticks to Snakes      Trmt           #####.....   10%         2    None
z - Beastly Appendage     Trmt           #####.       8%          1    None
Q - Swiftness             Chrm/Air       #.......     63%         2    None
W - Stoneskin             Trmt/Erth      ####....     21%         2    None


Dungeon Overview and Level Annotations

Branches:
Dungeon (12/15)            Temple (1/1) D:6            Lair (8/8) D:11
 Shoals (0/5) Lair:4       Spider (0/5) Lair:6        Slime (0/6) Lair:7
    Orc: D:9-12

Altars:
Ashenzari
Cheibriados
Dithmenos
Elyvilon
Fedhas
Gozag
Kikubaaqudgha
Makhleb
Nemelex Xobeh
Okawaru
Qazlal
Ru
Sif Muna
Trog
Vehumet
Xom
Yredelemnul
Zin
The Shining One

Shops:
D:5 [

Portals:
Hell: Lair:8


Innate Abilities, Weirdness & Mutations

You revert to your normal form in water.
You are very nimble and swift while swimming.
You are surrounded by a mild repulsion field (EV +2).


Message History

Your transformation is almost over.
Your transformation has ended.
Your +1 cloak unmelds from your body.
Your +0 pair of gloves unmelds from your body.
Your +2 pair of boots of flying unmelds from your body.
Your +2 leather armour of fire resistance unmelds from your body.
You feel resistant to fire.
Read which item? (? for menu, Esc to quit)
Okay, then.
Casting: Spider Form
Confirm with . or Enter, or press ? or * to list all spells.
Your hands turn into razor-sharp scythe blades.
Your +0 pair of gloves melds into your body.
The titanic slime creature hits you!
You hit the titanic slime creature!
The titanic slime creature is lightly wounded.
The titanic slime creature hits you!!!!
Ouch! That really hurt!
You die...
Fedhas appreciates your contribution to the ecosystem.

##..###...###...#...#.##.##.
####...# #................#####
#.##..>###.....##...........###
##.....##.......#........#..##.
####......#......>..............)
.........................<.......
....##..........................#
######...#.......J...............
##...........@...........[.#.. #
#.#....................#..##.#
####.........................##.#
..........^.#..#.......#.........
#####.........###..#..........#..
#...<.......................##.
#####...............##.........
##..........###.............
######.....#....###..............


You could see a titanic slime creature.

Vanquished Creatures
  2 dire elephants (Lair:8)
  Harold (Lair:8)
  7 hydras
  3 death yaks
  A hell beast (Lair:8)
  Nergalle (Lair:2)
  A wizard (Lair:8)
  2 hill giants
  A cyclops (D:11)
  A wolf spider (Lair:4)
  3 griffons
  5 elephants (Lair:7)
  5 black mambas
  A siren (Lair:4)
  2 torpor snails
  A queen ant (Lair:8)
  5 orange demons (Lair:8)
  9 spiny frogs
  9 komodo dragons
  2 two-headed ogres (Volcano)
  3 blue devils (Lair:8)
  A troll (D:9)
  2 merfolk (Lair:4)
  A red devil (Lair:8)
  A queen bee (Lair:6)
  3 fire drakes
  21 blink frogs
  3 basilisks (Lair:4)
  A water elemental (Lair:4)
  A deep elf mage (D:10)
  7 hippogriffs
  Eustachio (D:8)
  5 fire bats
  2 wyverns
  33 yaks
  2 steam dragons
  A hog (Volcano)
  A deep elf fighter (Volcano)
  A mottled dragon (D:11)
  5 wolves
  A hell hound (Lair:8)
  13 water moccasins
  20 soldier ants (Lair:8)
  11 porcupines
  A phantom (D:5)
  A swamp drake (Lair:6)
  14 spiders (Lair:6)
  A black bear (D:9)
  A wasp (D:10)
  6 ice beasts
  3 ogres
  4 sky beasts
  6 centaurs
  7 orc warriors
  20 crocodiles
  2 boring beetles
  A big kobold (D:7)
  19 giant frogs
  A wyvern skeleton (D:10)
  34 killer bees
  2 scorpions
  An electric eel (Lair:4)
  12 wights
  4 goliath beetles
  7 crimson imps
  2 centaur skeletons
  7 orc priests
  5 jellies
  13 hounds
  15 orc wizards
  A quasit (D:10)
  2 giant frog skeletons
  13 iguanas
  24 worker ants
  7 sheep (Lair:8)
  A worker ant zombie (D:6)
  Robin (D:4)
  3 gnolls (D:10)
  A giant mite (Lair:4)
  28 adders
  36 river rats
  3 shadow imps
  3 adder skeletons
  6 giant geckos
  7 oozes
  55 orcs
  2 ball pythons
  2 bat skeletons
  14 hobgoblins
  7 jackals
  8 quokkas
  25 bats
  8 giant cockroaches
  A giant gecko skeleton (D:4)
  8 giant newts
  16 goblins
  A jackal skeleton (D:5)
  11 kobolds
  An orc zombie (D:10)
  16 rats
702 creatures vanquished.

Vanquished Creatures (collateral kills)
  The ghost of gw the Basher, a powerful DDBe of Trog (Lair:2)
  4 hydras
  2 death yaks (Lair:5)
  2 elephants (Lair:7)
  A hellwing (Lair:8)
  9 blink frogs
  A yak (Lair:7)
  A wolf (Lair:2)
  2 water moccasins (Lair:7)
  A hippogriff (Lair:8)
  2 porcupines
  2 crocodiles
  3 killer bees (Lair:6)
  2 adders
  2 giant mites (Lair:4)
35 creatures vanquished.

Vanquished Creatures (others)
  4 oklob plants
  2 centaurs
  3 necrophages
  An adder (Lair:7)
  An orc (D:4)
  A hobgoblin (D:2)
  2 bats
  8 wandering mushrooms
  5 fungi
  4 plants (Lair:4)
  469 toadstools
500 creatures vanquished.

Grand Total: 1237 creatures vanquished

Notes
Turn   | Place    | Note
--------------------------------------------------------------
     0 | D:1      | Helmschank, the Merfolk Transmuter, began the quest for the Orb.
     0 | D:1      | Reached XP level 1. HP: 15/15 MP: 3/3
   304 | D:1      | Reached XP level 2. HP: 21/21 MP: 2/4
   339 | D:1      | Learned a level 2 spell: Sticks to Snakes
   507 | D:1      | Reached skill level 4 in Unarmed Combat
  1058 | D:2      | Found a shadowy altar of Dithmenos.
  1315 | D:2      | Found a white marble altar of Elyvilon.
  1434 | D:2      | Reached XP level 3. HP: 26/26 MP: 6/6
  1439 | D:2      | Learned a level 3 spell: Spider Form
  1894 | D:3      | Noticed an ogre
  2142 | D:3      | Killed an ogre
  2142 | D:3      | Reached XP level 4. HP: 30/32 MP: 1/7
  2142 | D:3      | Reached XP level 5. HP: 34/37 MP: 1/9
  2436 | D:3      | Reached skill level 5 in Transmutations
  2581 | D:3      | Found a burning altar of Makhleb.
  2581 | D:3      | Found a snail-covered altar of Cheibriados.
  2929 | D:4      | Reached skill level 5 in Unarmed Combat
  2936 | D:4      | Reached XP level 6. HP: 39/43 MP: 4/10
  2990 | D:4      | HP: 2/43 [poisoned by a scorpion]
  2998 | D:4      | HP: 1/43 [poisoned by a scorpion]
  3246 | D:4      | Reached skill level 6 in Unarmed Combat
  4291 | D:4      | Reached XP level 7. HP: 32/48 MP: 10/12
  4654 | D:4      | Noticed Robin
  4672 | D:4      | Reached skill level 7 in Unarmed Combat
  4682 | D:4      | Killed Robin
  5269 | D:4      | Found a shimmering altar of Xom.
  5592 | D:4      | Reached skill level 8 in Unarmed Combat
  5639 | D:5      | Entered Level 5 of the Dungeon
  5811 | D:5      | Learned a level 4 spell: Ice Form
  5876 | D:5      | Reached XP level 8. HP: 47/54 MP: 9/13
  5951 | D:5      | Reached skill level 9 in Unarmed Combat
  5998 | D:5      | Found Etuunk's Antique Armour Shoppe.
  6262 | D:5      | Found a basalt altar of Yredelemnul.
  6354 | D:5      | Found a deep blue altar of Sif Muna.
  6354 | D:5      | Found a sparkling altar of Nemelex Xobeh.
  6478 | D:5      | Reached skill level 10 in Unarmed Combat
  6767 | D:6      | Found a staircase to the Ecumenical Temple.
  6771 | Temple   | Entered the Ecumenical Temple
  6829 | Temple   | Became a worshipper of Fedhas Madash
  7602 | D:6      | Reached skill level 1 in Ice Magic
  8003 | D:6      | Reached XP level 9. HP: 55/59 MP: 12/14
  8284 | D:6      | Found a deep blue altar of Sif Muna.
  9512 | D:7      | Acquired Fedhas' first power
  9712 | D:7      | Reached skill level 10 in Transmutations
 10425 | D:8      | HP: 1/59 [orc priest/divine providence (12)]
 10791 | D:8      | Noticed Eustachio
 10814 | D:8      | Killed Eustachio
 11050 | D:8      | Learned a level 5 spell: Blade Hands
 11223 | D:8      | Reached skill level 5 in Dodging
 11530 | D:8      | Reached XP level 10. HP: 65/65 MP: 15/20
 12562 | D:9      | Reached skill level 10 in Dodging
 12923 | D:10     | Entered Level 10 of the Dungeon
 13192 | D:10     | Reached skill level 11 in Dodging
 13233 | D:10     | Acquired Fedhas' second power
 13883 | D:10     | Reached skill level 12 in Dodging
 14118 | D:10     | Learned a level 2 spell: Cure Poison
 14119 | D:10     | Noticed a hill giant
 14142 | D:10     | Killed a hill giant
 14142 | D:10     | Reached skill level 13 in Dodging
 14142 | D:10     | Reached XP level 11. HP: 23/70 MP: 21/21
 14794 | D:10     | Acquired Fedhas' third power
 14895 | D:10     | Found a blossoming altar of Fedhas.
 15145 | D:11     | Gained mutation: You are surrounded by a mild repulsion field (EV +2). [potion of beneficial mutation]
 15230 | D:11     | HP: 2/72 [cyclops (24)]
 15602 | D:11     | Noticed a death yak
 15665 | D:10     | Killed a death yak
 15906 | D:11     | Found a staircase to the Lair.
 16404 | D:11     | Reached skill level 5 in Fighting
 16947 | Lair:1   | Entered Level 1 of the Lair of Beasts
 17830 | Lair:2   | Noticed a five-headed hydra
 17842 | Lair:2   | Killed a five-headed hydra
 17842 | Lair:2   | Reached XP level 12. HP: 53/92 MP: 13/22
 18107 | Lair:2   | Noticed Nergalle
 18282 | Lair:2   | Killed Nergalle
 18760 | Lair:2   | Noticed gw's ghost (powerful DDBe)
 18789 | Lair:2   | Killed gw's ghost
 19987 | Lair:3   | Noticed a six-headed hydra
 20003 | Lair:3   | Killed a six-headed hydra
 20003 | Lair:3   | Reached skill level 10 in Fighting
 20079 | Lair:3   | Noticed a seven-headed hydra
 20089 | Lair:3   | Killed a seven-headed hydra
 20964 | Lair:4   | Acquired Fedhas' fourth power
 21473 | Lair:4   | Found a staircase to the Shoals.
 21654 | Lair:4   | Reached skill level 14 in Unarmed Combat
 22430 | Lair:5   | Reached XP level 13. HP: 103/103 MP: 23/23
 22855 | Lair:5   | Reached skill level 15 in Unarmed Combat
 23267 | Lair:5   | Noticed a death yak
 23296 | Lair:5   | Noticed a death yak
 23301 | Lair:5   | Reached skill level 1 in Invocations
 23309 | Lair:5   | Noticed a death yak
 23309 | Lair:5   | Noticed a death yak
 23327 | Lair:5   | Killed a death yak
 23333 | Lair:5   | Killed a death yak
 23345 | Lair:5   | Killed a death yak
 23352 | Lair:5   | Killed a death yak
 23721 | Lair:5   | Reached skill level 5 in Invocations
 24404 | Lair:6   | Found a hole to the Spider Nest.
 24432 | Lair:6   | Acquired Fedhas' fifth power
 25958 | Lair:7   | Reached skill level 5 in Spellcasting
 26196 | Lair:7   | Found a dark tunnel.
 26361 | Volcano  | Entered a volcano
 27045 | Lair:7   | Learned a level 2 spell: Blink
 27097 | Lair:7   | Reached skill level 1 in Armour
 27097 | Lair:7   | Reached skill level 1 in Translocations
 27160 | Lair:7   | Reached XP level 14. HP: 110/110 MP: 21/27
 27265 | Lair:7   | Found a staircase to the Slime Pits.
 28400 | Lair:8   | Entered Level 8 of the Lair of Beasts
 28892 | Lair:8   | Learned a level 2 spell: Stoneskin
 29036 | Lair:8   | Reached skill level 5 in Armour
 29605 | Lair:8   | Noticed Harold
 29628 | Lair:8   | Killed Harold
 31168 | Lair:8   | Found a burning altar of Makhleb.
 31206 | Lair:8   | HP: 4/110 [hell beast (22)]
 31867 | Lair:8   | Found a gateway to Hell.
 31876 | Lair:8   | Identified Thriruz's Tome of the Aerial Escort
 32207 | Lair:1   | Learned a level 2 spell: Repel Missiles
 32210 | Lair:1   | Learned a level 2 spell: Swiftness
 32244 | D:12     | Reached XP level 15. HP: 88/115 MP: 27/30
 32313 | D:11     | Demolished by a titanic slime creature

Action                   |  1- 3 |  4- 6 |  7- 9 | 10-12 | 13-15 || total
-------------------------+-------+-------+-------+-------+-------++-------
Melee: Unarmed           |   106 |   186 |   479 |   865 |   780 ||  2416
Throw: Stone             |     1 |       |     6 |       |       ||     7
       Tomahawk          |     3 |       |    12 |    23 |       ||    38
       Javelin           |       |       |     5 |     7 |     5 ||    17
 Cast: Beastly Appendage |     1 |    12 |    28 |    20 |     9 ||    70
       Spider Form       |     1 |     6 |    28 |    42 |    13 ||    90
       Ice Form          |       |       |     4 |    21 |    37 ||    62
       Blade Hands       |       |       |       |     4 |    14 ||    18
       Cure Poison       |       |       |       |     1 |    12 ||    13
       Sticks to Snakes  |       |       |       |       |     7 ||     7
       Repel Missiles    |       |       |       |       |     1 ||     1
Invok: Evolution         |       |       |       |     6 |    12 ||    18
       Sunlight          |       |       |       |       |     1 ||     1
 Abil: End Transformatio |       |       |       |     3 |     6 ||     9
       Stop Flying       |       |       |       |       |     1 ||     1
Evoke: Wand              |       |       |       |     2 |       ||     2
  Use: Scroll            |       |       |    21 |    12 |    10 ||    43
       Potion            |       |       |     2 |     3 |     4 ||     9
 Stab: Sleeping          |     1 |     1 |       |     3 |     2 ||     7
       Distracted        |       |       |     1 |       |     5 ||     6
       Confused          |       |       |       |     1 |     3 ||     4
  Eat: Chunk             |     4 |     8 |    26 |    36 |    30 ||   104
       Beef jerky        |       |       |     1 |     2 |       ||     3
       Fruit             |       |       |     1 |       |       ||     1
       Pizza             |       |       |       |     1 |     2 ||     3
       Royal jelly       |       |       |       |     2 |     5 ||     7
       Meat ration       |       |       |       |       |     1 ||     1
